 Dungeon Crawl Stone Soup version 0.29-a0-113-g078de9bc30 (webtiles) character file.

Game seed: 6008450305487007171

5891 siradein the Grappler (level 10, -4/102 HPs)
             Began as a Troll Fighter on Feb 18, 2022.
             Killed from afar by a will-o-the-wisp (18 damage)
             ... with a foxfire
             ... on level 1 of the Abyss.
             The game lasted 00:28:48 (8602 turns).

siradein the Grappler (Troll Fighter)               Turns: 8602, Time: 00:28:49

Health: -4/102     AC: 12    Str: 26      XL:     10   Next: 53%
Magic:  9/9        EV: 26    Int:  3 (4)  God:
Gold:   558        SH: 10    Dex: 13      Spells: 9/9 levels left

rFire   . . .      SeeInvis .     - Unarmed
rCold   . . .      Faith    .   b - +1 kite shield
rNeg    . . .      Spirit   .   D - +0 steam dragon scales
rPois   .          Reflect  .   (helmet restricted)
rElec   .          Harm     .   s - +0 cloak
rCorr   .          Rampage  .   (gloves unavailable)
Will    +....      Rage     1%  (boots unavailable)
Stlth   +.........              G - amulet of the acrobat
HPRegen 1.07/turn               g - ring of willpower
MPRegen 0.11/turn               z - +4 ring of protection

@: acrobatic
A: large, unfitting armour, claws 3, regeneration 1, shaggy fur 1, tough skin 1,
berserk 1, sense surroundings 1, subdued magic 1
a: no special abilities


You were on level 1 of the Abyss.
You visited 2 branches of the dungeon, and saw 11 of its levels.
You visited the Abyss 1 time.

You collected 558 gold pieces.

Inventory:

Hand Weapons
 p - the +1 hunting sling of Wariness {freeze, Str+5}
   (You found it on level 4 of the Dungeon)

   Any ammunition fired from it freezes those it strikes, dealing additional
   cold damage.
   It can also slow down cold-blooded creatures.
   Str:       It affects your strength (+5).
Missiles
 d - 17 poisoned darts (quivered)
 m - 2 curare-tipped darts
 o - 5 boomerangs
 q - 3 throwing nets
 r - 39 sling bullets
 t - 187 stones
 E - 3 large rocks
Armour
 b - a +1 kite shield (worn)
 s - a +0 cloak (worn)
 D - +0 steam dragon scales (worn)
Jewellery
 g - a ring of willpower (left claw)
 k - a ring of wizardry
 y - a ring of positive energy
 z - a +4 ring of protection (right claw)
 A - a +6 ring of strength
 G - an amulet of the acrobat (around neck)
Wands
 C - a wand of iceblast (9)
Scrolls
 f - 2 scrolls of enchant armour
 n - a scroll of blinking
 v - 2 scrolls of immolation
 x - 2 scrolls of teleportation
 B - a scroll of fear
 F - a scroll of magic mapping {unknown}
Potions
 a - 2 potions of lignification
 c - 2 potions of might
 e - 2 potions of degeneration {unknown}
 h - 3 potions of haste
 i - 3 potions of flight
 j - a potion of brilliance
 l - 4 potions of curing
 u - 2 potions of heal wounds {unknown}
 w - 2 potions of resistance {unknown}


   Skills:
 + Level 7.1 Fighting
 + Level 7.1 Dodging
 + Level 7.1 Shields
 + Level 8.2 Unarmed Combat


You had 9 spell levels left.
You didn't know any spells.
Your spell library contained the following spells:

 Spells                   Type           Power      Damage    Failure   Level
 Beastly Appendage        Tmut           0%         N/A       73%         1
 Foxfire                  Conj/Fire      0%         2x1d4     73%         1
 Wereblood                Tmut           0%         N/A       86%         2
 Conjure Flame            Conj/Fire      0%         6-21      98%         3
 Inner Flame              Hex/Fire       0%         N/A       98%         3
 Spider Form              Tmut/Pois      0%         N/A       98%         3
 Flame Wave               Conj/Fire      0%         2d4       100%        4


Dungeon Overview and Level Annotations

Branches:
Dungeon (10/15)            Temple (1/1) D:6
   Lair: D:8-11         Orc: D:9-12

Altars:
Ashenzari
Cheibriados
Dithmenos
Elyvilon
Fedhas
Kikubaaqudgha
Nemelex Xobeh
Okawaru
Ru
Trog
Uskayaw
Vehumet
Wu Jian
Xom
Yredelemnul
Zin
The Shining One

Annotations:
D:10 Sonja


Innate Abilities, Weirdness & Mutations

You are too large for most types of armour.
You have claws for hands.
Your natural rate of healing is unusually fast.
You are covered in fur. (AC +1)
You have tough skin. (AC +1)
You tend to lose your temper in combat.
You passively map a small area around you.
Your spells are a little easier to cast, but a little less powerful.


Message History

The will-o-the-wisp conjures some foxfire!
You hear a screech!
A foxfire comes into view.
A foxfire comes into view.
The foxfire dissipates!
The hell hog breathes fire at you.
The fireball explodes!
The fireball engulfs you!!
You hear a bark! x2
A glowing orange brain comes into view.
The glowing orange brain blinks!
A raiju comes into view. x2
The raiju barks!
A raiju comes into view.
The raiju bursts into living lightning!
The living lightning hits you!
The raiju blinks! x2
The glowing orange brain pulsates.
You feel dopey. Something feeds on your intellect!
An orange demon comes into view.
The raiju completely misses you.
The raiju bursts into living lightning!
The living lightning misses you.
The raiju blinks!
The will-o-the-wisp gestures.
The will-o-the-wisp conjures some foxfire! 2 foxfires come into view.
The glowing orange brain blinks!
The foxfire hits you!!
* * * LOW HITPOINT WARNING * * *
The will-o-the-wisp gestures.
The will-o-the-wisp conjures some foxfire!
The hell hog breathes fire at you.
The fireball explodes!
The fireball engulfs you!
* * * LOW HITPOINT WARNING * * *
2 foxfires come into view.
The raiju bursts into living lightning!
The living lightning misses you.
The raiju blinks!
The foxfire hits you but does no damage.
The hell hog bites you.
* * * LOW HITPOINT WARNING * * *
The foxfire hits you!!
You die...

##.#.......####.
#............#...
#...........h#.# .
##.............#.
..#.............#..
.....##............
...#.#..........### #
#.....4....§v@......#
#........§§hh#####..#
#.......§h§v##
#...####.§§v§§# #.. .
#.§....# #..
.###......## ##
...#........# #.
...........#
............##


You could see a hell hog (catching breath), an orange demon, a will-o-the-wisp
and 3 raiju.

Vanquished Creatures
  Pikel (D:7)
  A cyclops (D:9)
  Joseph (D:8)
  Maggie (D:7)
  A troll (D:9)
  4 yaks (D:9)
  2 wyverns
  A water moccasin (D:8)
  Duvessa (D:7)
  2 hornet zombies (D:7)
  An orc warrior (D:9)
  A sky beast (D:6)
  2 black bears (D:7)
  2 necrophages
  3 ogres
  2 centaurs (D:7)
  A phantom (D:5)
  2 kobold brigands
  2 bullfrogs
  A gnoll sergeant (D:8)
  2 wyvern zombies
  2 scorpions
  Dowan (D:7)
  10 wights (D:7)
  4 bullfrog zombies
  A centaur zombie (D:9)
  A hound (D:5)
  Crazy Yiuf (D:2)
  A gnoll shaman (D:8)
  An orc priest (D:6)
  A bullfrog skeleton (D:5)
  6 iguanas
  4 orc wizards
  A killer bee zombie (D:6)
  A howler monkey zombie (D:7)
  10 gnolls
  9 adders
  2 white imps (D:6)
  An ufetubus (D:4)
  An adder zombie (D:5)
  3 adder skeletons (D:4)
  2 dart slugs
  21 orcs
  6 ball pythons
  9 endoplasms
  10 giant cockroaches
  11 goblins
  7 hobgoblins
  3 jackals (D:3)
  4 quokkas
  4 bats (D:2)
  4 frilled lizards
  14 kobolds
  2 rats
  A spectral orc (D:6)
193 creatures vanquished.

Vanquished Creatures (others)
  12 foxfires (Abyss:1)
  5 plants (D:2)
17 creatures vanquished.

Grand Total: 210 creatures vanquished

Notes
Turn   | Place    | Note
-------+----------+-------------------------------------------
     0 | D:1      | siradein the Troll Fighter began the quest for the Orb.
     0 | D:1      | Reached XP level 1. HP: 22/22 MP: 0/0
     0 | D:1      | Noticed a gargoyle
     7 | D:1      | Noticed a minotaur
    11 | D:1      | Noticed a vampire
    13 | D:1      | Noticed a human
    15 | D:1      | Noticed a merfolk zombie
    15 | D:1      | Noticed a vine stalker
    19 | D:1      | Noticed an octopode
    21 | D:1      | Noticed a demigod
   116 | D:1      | Reached XP level 2. HP: 29/29 MP: 1/1
   405 | D:1      | Reached XP level 3. HP: 21/36 MP: 2/2
  1183 | D:2      | Found a runed translucent door.
  1184 | D:2      | Noticed Crazy Yiuf
  1203 | D:2      | Found a glowing silver altar of Zin.
  1321 | D:2      | Reached XP level 4. HP: 44/44 MP: 3/3
  2016 | D:3      | Found a faded altar of an unknown god.
  2020 | D:3      | Reached skill level 3 in Unarmed Combat
  2181 | D:3      | Found a hide-covered altar of Uskayaw.
  2463 | D:3      | Reached XP level 5. HP: 36/53 MP: 4/4
  2657 | D:4      | Identified the +1 hunting sling of Wariness {freeze, Str+5}
  2811 | D:2      | Killed Crazy Yiuf
  3331 | D:4      | You fall into a shaft and drop 2 floors!
  3354 | D:6      | Noticed a sky beast
  3373 | D:6      | Killed a sky beast
  3374 | D:6      | Reached XP level 6. HP: 52/61 MP: 5/5
  3415 | D:5      | Entered Level 5 of the Dungeon
  3986 | D:4      | Identified the +0 pair of gloves of the Stag {Stlth+}
  4036 | D:5      | Reached skill level 4 in Unarmed Combat
  4087 | D:5      | Reached XP level 7. HP: 67/70 MP: 6/6
  4488 | D:5      | Found a radiant altar of Vehumet.
  4801 | D:5      | Reached skill level 5 in Unarmed Combat
  4801 | D:5      | Reached XP level 8. HP: 79/79 MP: 7/7
  4994 | D:5      | Gained mutation: You tend to lose your temper in combat.
                  | [potion of mutation]
  4994 | D:5      | Gained mutation: You passively map a small area around you.
                  | [potion of mutation]
  4994 | D:5      | Gained mutation: Your spells are a little easier to cast,
                  | but a little less powerful. [potion of mutation]
  5156 | D:6      | Found a staircase to the Ecumenical Temple.
  5175 | Temple   | Entered the Ecumenical Temple
  5350 | D:6      | Found a sparkling altar of Nemelex Xobeh.
  5656 | D:6      | Found a basalt altar of Yredelemnul.
  5840 | D:7      | Reached skill level 5 in Fighting
  5840 | D:7      | Reached skill level 5 in Dodging
  5840 | D:7      | Reached skill level 5 in Shields
  5943 | D:7      | Noticed Dowan
  5943 | D:7      | Noticed Duvessa
  5962 | D:7      | Killed Duvessa
  5967 | D:7      | Killed Dowan
  6004 | D:7      | Reached skill level 6 in Unarmed Combat
  6034 | D:7      | Found a snail-covered altar of Cheibriados.
  6168 | D:7      | Reached XP level 9. HP: 82/88 MP: 8/8
  6474 | D:7      | Noticed Maggie
  6496 | D:7      | Killed Maggie
  6941 | D:8      | Reached skill level 7 in Unarmed Combat
  7136 | D:8      | Noticed Joseph
  7149 | D:8      | Killed Joseph
  7232 | D:8      | Noticed Pikel
  7334 | D:7      | Killed Pikel
  7335 | D:7      | Reached XP level 10. HP: 90/100 MP: 9/9
  7634 | D:8      | Found a shadowy altar of Dithmenos.
  7738 | D:9      | Noticed a cyclops
  7750 | D:9      | HP: 5/100 [cyclops (27)]
  7753 | D:9      | HP: 1/100 [cyclops (7)]
  7755 | D:9      | Killed a cyclops
  7756 | D:9      | Reached skill level 8 in Unarmed Combat
  8355 | D:10     | Entered Level 10 of the Dungeon
  8377 | D:10     | Noticed Sonja
  8391 | D:10     | Cast into level 1 of the Abyss (Sonja)
  8447 | Abyss:1  | Noticed a will-o-the-wisp
  8466 | Abyss:1  | Noticed a large abomination
  8476 | Abyss:1  | Noticed a large abomination
  8521 | Abyss:1  | Noticed a large abomination
  8584 | Abyss:1  | Noticed a will-o-the-wisp
  8586 | Abyss:1  | Noticed a hell hog
  8592 | Abyss:1  | Noticed a glowing orange brain
  8598 | Abyss:1  | Noticed an orange demon
  8602 | Abyss:1  | Killed from afar by a will-o-the-wisp

Illustrated notes

Levels and vault maps discovered:
D:1:      shiori_arrival_whats_in_store_for_you, layout_basic, nrook_campfire,
          minmay_tree_intersection
D:2:      layout_loops_ring, basic_altar, skrybe_limestone_x,
          serial_bayou_pond_c, uniq_crazy_yiuf_cottage
D:3:      layout_loops_ring, mainiacjoe_overflow_tiny_flanked,
          hellmonk_ecumenical_altar_slurped_away, kennysheep_generic_room_3
D:4:      layout_basic, hangedman_decor_diamond_cutter
D:5:      layout_basic, nicolae_vehumet_radiance
D:6:      layout_rooms, nemelex_dance_club_becter,
          yredelemnul_forgotten_temple_becter, minmay_temple_entry_purple_smoke,
          kennysheep_generic_room_11
D:7:      layout_gridville, mainiacjoe_overflow_catwalk,
          kennysheep_generic_room_5, uniq_duvessa, uniq_maggie
D:8:      layout_cave_pools, lemuel_coloured_pillars_altar, uniq_joseph,
          uniq_pikel
D:9:      layout_cave_pools, evilmike_butchery
D:10:     layout_roguey, grunt_gozag_statues, mainiacjoe_overflow_brackets,
          minmay_overflow_temple_star_quad, lair_entry_dummy, bh_walls_and_bars,
          uniq_sonja
Temple:   jpeg_temple_clearing
Abyss:1:  base: D:9, evilmike_abyss_exit_13

Skill      XL: |  1  2  3  4  5  6  7  8  9 10 |
---------------+-------------------------------+-----
Dodging        | 3 4 5 6 7 |  7.1
Shields        | 3 4 5 6 7 |  7.1
Fighting       | 3 4 5 6 7 |  7.1
Unarmed Combat | 3 4 5 6 7 8 |  8.2

Action                   |  1- 3 |  4- 6 |  7- 9 | 10-12 || total
-------------------------+-------+-------+-------+-------++-------
Melee: Unarmed           |    82 |   183 |   328 |    82 ||   675
 Fire: Hunting sling     |       |     8 |     9 |       ||    17
Throw: Dart              |       |       |     2 |       ||     2
  Use: Scroll            |       |       |    11 |     2 ||    13
       Potion            |       |       |     1 |       ||     1
 Stab: Sleeping          |     1 |     1 |     1 |       ||     3
Armor: Robe              |    30 |    45 |    68 |       ||   143
       Steam dragon scal |       |       |    18 |    29 ||    47
Dodge: Dodged            |    22 |    48 |   136 |    48 ||   254
Block: Kite shield       |    27 |    64 |   164 |    36 ||   291

Table legend: (Time is in decaauts)
 A = Elapsed time spent in this place.
 B = Non-inter-level travel time spent in this place.
 C = Inter-level travel time spent in this place.
 D = Time resting spent in this place.
 E = Time spent auto-exploring this place.
 F = Levels seen in this place.
 G = Mean time per level.
                   A        B        C        D        E       F      G
               +--------+--------+--------+--------+--------+-----+--------+
         Total |   8652 |   8210 |    442 |     13 |   6386 |  12 |  721.0 |
       Dungeon |   8340 |   7898 |    442 |     13 |   6261 |  10 |  834.0 |
        Temple |    101 |    101 |      0 |      0 |     76 |   1 |  101.0 |
         Abyss |    210 |    210 |      0 |      0 |     49 |   1 |  210.0 |
               +--------+--------+--------+--------+--------+-----+--------+

Top non-repeatable levels by time:
     D:1: 1262 daAuts
     D:7: 1168 daAuts
     D:5: 1071 daAuts
     D:2: 987 daAuts
     D:3: 962 daAuts
     D:6: 748 daAuts
     D:8: 731 daAuts
     D:9: 686 daAuts
     D:4: 685 daAuts
 Abyss:1: 210 daAuts
  Temple: 101 daAuts
    D:10: 35 daAuts
